 Dungeon Crawl Stone Soup version 0.18-a0-943-g2c08dd4 (webtiles) character file.

103603 M4edhros the Unseen (level 16, -2/95 HPs)
             Began as an Octopode Artificer on Dec 29, 2015.
             Was a High Priest of Fedhas.
             Shot with an arrow by a deep elf archer (28 damage)
             ... on level 1 of the Elven Halls.
             The game lasted 01:26:41 (26893 turns).

M4edhros the Unseen (Octopode Artificer)           Turns: 26893, Time: 01:26:41

Health: -2/95      AC: 19    Str: 14    XL:     16   Next: 36%
Magic:  0/26       EV: 21    Int: 23    God:    Fedhas [*****.]
Gold:   2117       SH:  7    Dex: 18    Spells: 2 memorised, 23 levels left

rFire  + . .     SeeInvis .     J - +2 short sword (elec)
rCold  . . .     Gourm    .     F - +0 buckler
rNeg   . . .     Faith    .     G - +2 hat {MR+}
rPois  +         Spirit   +     A - amulet of guardian spirit
rElec  .         Dismiss  .     o - +3 ring of dexterity
rCorr  .         Reflect  .     I - +3 ring of protection
SustAt .         Harm     .     d - +5 ring of protection
MR     ++...     Rnd*Tele +     b - ring of Robustness {AC+8}
Stlth  +++++++++.               W - ring of protection from fire
                                R - +3 ring of dexterity
                                k - ring of poison resistance
                                T - +3 ring of strength

@: very resistant to hostile enchantments, incredibly stealthy
A: almost no armour, amphibious, 8 rings, constrict 8, tentacle spike 1,
camouflage 1, clever 1, frail 1, sense surroundings 1, regeneration 1,
teleportitis 1, gelatinous body 1
a: Evolution, Sunlight, Growth, Reproduction, Rain, Renounce Religion


You were on level 1 of the Elven Halls.
You worshipped Fedhas.
Fedhas was extremely pleased with you.
You were not hungry.

You visited 6 branches of the dungeon, and saw 28 of its levels.
You also visited: Ossuary.

You collected 2507 gold pieces.
You spent 390 gold pieces at shops.

Inventory:

Hand Weapons
 h - a +2 dagger of venom
 y - a +6 greatsling
 J - a +2 short sword of electrocution (weapon)
Missiles
 l - 680 stones (quivered)
 K - 50 sling bullets
 L - 13 sling bullets of flame
Armour
 F - a +0 buckler (worn)
 G - a +2 hat of magic resistance (worn)
Magical Staves
 t - an uncursed staff of energy
Jewellery
 b - the ring of Robustness (on tentacle) {AC+8}
   (You found it on level 7 of the Dungeon)

   [ring of protection]

   It affects your AC (+8).
 d - a +5 ring of protection (on tentacle)
 k - a ring of poison resistance (on tentacle)
 o - a +3 ring of dexterity (left tentacle)
 A - an amulet of guardian spirit (around mantle)
 E - an uncursed amulet of harm
 I - a +3 ring of protection (right tentacle)
 N - an uncursed ring of wizardry
 R - a +3 ring of dexterity (on tentacle)
 T - a +3 ring of strength (on tentacle)
 W - a ring of protection from fire (on tentacle)
Wands
 j - a wand of slowing (9/48)
 n - a wand of teleportation (4/9)
 p - a wand of disintegration (16/24)
 r - a wand of draining (0/15)
 x - a wand of lightning (5/15)
 M - a wand of disintegration (12/24)
 P - a wand of cold (0/15)
 Q - a wand of enslavement (12/24)
 U - a wand of heal wounds (7/9)
Scrolls
 u - 2 scrolls of teleportation
 B - a scroll of remove curse
 H - 3 scrolls of fog
 O - 3 scrolls of blinking
 S - a scroll of identify
Potions
 e - 4 potions of resistance
 i - 4 potions of curing
 v - a potion of magic
 w - a potion of heal wounds
 C - 2 potions of lignification
 D - 3 potions of brilliance
 V - 3 potions of might
 X - a potion of cancellation
Miscellaneous
 c - a phantom mirror
 s - a sack of spiders
Comestibles
 a - 10 royal jellies
 f - 18 bread rations
 g - a meat ration
 m - 10 fruits
 q - 8 beef jerkies
 z - 5 slices of pizza


   Skills:
 - Level 8.3 Fighting
 - Level 1.0 Short Blades
 + Level 10.2 Slings
 * Level 11.4 Dodging
 + Level 16.5 Stealth
 * Level 11.1 Shields
 * Level 6.8 Spellcasting
 * Level 6.6 Conjurations
 - Level 3.0 Translocations
 * Level 6.8 Earth Magic
 + Level 9.4 Invocations
 + Level 9.2 Evocations


You had 23 spell levels left.
You knew the following spells:

 Your Spells              Type           Power        Failure   Level  Hunger
a - Blink                 Tloc           N/A          3%          2    None
b - Stone Arrow           Conj/Erth      #####.       1%          3    None


Dungeon Overview and Level Annotations

Branches:
Dungeon (15/15)            Temple (1/1) D:4            Lair (8/8) D:10
 Shoals (0/4) Lair:5       Spider (0/4) Lair:5        Slime (0/6) Lair:8
    Orc (2/2) D:11            Elf (1/3) Orc:2        Vaults (0/5) D:14
 Depths (1/5) D:15

Altars:
Ashenzari
Cheibriados
Dithmenos
Fedhas
Kikubaaqudgha
Makhleb
Nemelex Xobeh
Pakellas
Qazlal
Ru
Sif Muna
Trog
Vehumet
Xom
Yredelemnul
Zin
The Shining One
Beogh

Shops:
Orc:2 %([=


Innate Abilities, Weirdness & Mutations

You cannot wear most types of armour.
You are amphibious.
You can wear up to eight rings at the same time.
You can use your tentacles to constrict eight enemies at once.
Your skin changes colour to match your surroundings (Stealth).
Your rubbery body absorbs attacks (AC +1).
One of your tentacles bears a spike.
Your mind is acute. (Int +2)
You are frail (-10% HP).
You passively map a small area around you.
Your natural rate of healing is unusually fast.
You are occasionally teleported next to monsters.


Message History

Your tentacle spike misses the deep elf knight.
You squeeze the deep elf knight.
The deep elf knight is almost dead.
You block the deep elf knight's attack.
The deep elf mage hits your wandering mushroom with a long sword.
Your wandering mushroom releases spores at the deep elf mage.
The deep elf mage is engulfed in a cloud of spores!
The deep elf archer shoots an arrow.
The arrow hits you!
* * * LOW HITPOINT WARNING * * *
You block the deep elf knight's attack.
Unknown command.
You hit the deep elf knight. You grab the deep elf knight.
You pierce the deep elf knight, but do no damage.
The deep elf knight is almost dead.
You constrict the deep elf knight.
The deep elf mage hits your wandering mushroom but does no damage.
Your wandering mushroom releases spores at the deep elf mage but does no damage.
The deep elf archer shoots an arrow.
The arrow hits you!!
You die...
Fedhas appreciates your contribution to the ecosystem.

...#...#............# .#
...#...#............#..#
...#...#..########..#..#
...#...#..#(.....#..#..#
...#...#..#......#..#..#
...#...#..#......#.('e.#
...#..)#..#......#(e#
...#...#..#......#e.#,
...#...#..#...ef@#..# *
)..#...#..#....eee..#,,*
...#.<.#..#......#..#
)).'...#..####'###..#,,
(..#)..#............#,,
...#...#............#
...#...#............#
...#...#..####+###..+
...#...#..#.... ..# *


You could see 2 deep elf archers, a deep elf knight (invisible), a deep elf mage
and a friendly wandering mushroom.

Vanquished Creatures
  Maud (D:11)
  An orc warlord (Orc:2)
  4 dire elephants (Lair:8)
  Nessos (D:15)
  Josephine (Lair:8)
  5 hydras
  An anaconda (Lair:8)
  An ogre mage (D:15)
  A death knight (D:14)
  4 death yaks (Lair:8)
  The ghost of Chiseanne the Fetichist, a journeyman SpAs of Gozag (D:13)
  2 dancing weapons (Elf:1)
  A tengu warrior (D:15)
  2 centaur warriors (D:14)
  4 orc high priests (Orc:2)
  Urug (Lair:4)
  A deep elf knight (Elf:1)
  Nergalle (D:12)
  2 hill giants
  A phantasmal warrior (D:14)
  5 orc knights
  3 wizards
  3 orc sorcerers (Orc:2)
  2 griffons
  7 deep elf magi
  A manticore (D:15)
  An ugly thing (D:11)
  4 cyclopes
  3 black mambas
  11 elephants
  A torpor snail (Lair:6)
  2 gargoyles
  10 spiny frogs
  A naga mage (D:15)
  A yaktaur (D:14)
  13 komodo dragons
  5 wandering mushrooms
  A queen bee (D:13)
  2 tengu conjurers (D:15)
  4 freezing wraiths
  7 trolls
  A polar bear (Lair:3)
  2 two-headed ogres (D:15)
  8 blink frogs
  3 slime creatures (D:15)
  A vampire (D:13)
  74 yaks
  3 trapdoor spiders (Lair:5)
  3 basilisks
  A spriggan (D:7)
  A steam dragon (Lair:8)
  A water elemental (Elf:1)
  9 hippogriffs
  20 humans (D:14)
  A warg (Orc:2)
  4 wyverns
  3 wraiths (Lair:8)
  3 mottled dragons
  2 hungry ghosts
  11 wolves
  Duvessa (D:7)
  17 water moccasins
  8 porcupines
  6 soldier ants (Lair:6)
  35 orc warriors
  2 swamp drakes (Lair:8)
  6 ice beasts
  An eye of draining (D:15)
  2 phantoms
  18 ogres
  2 wasps
  7 centaurs
  2 sky beasts
  5 big kobolds
  14 crocodiles
  An earth elemental (Orc:2)
  A gnoll sergeant (Orc:2)
  20 giant frogs
  Dowan (D:7)
  A wyvern skeleton (D:10)
  5 scorpions
  50 killer bees
  3 electric eels (D:6)
  8 wights
  4 crimson imps
  7 centaur skeletons
  5 giant frog skeletons
  5 hounds
  35 orc priests
  6 jellies
  6 iguanas
  11 orc wizards
  2 human skeletons (Ossuary)
  13 worker ants
  5 hell rats
  32 sheep
  A big kobold skeleton (Ossuary)
  A hound skeleton (D:4)
  3 mummies
  43 river rats
  3 gnolls
  15 adders
  4 shadow imps
  6 adder skeletons
  A worm (D:4)
  8 giant geckos
  110 orcs
  A ball python (D:4)
  8 giant cockroaches
  4 goblins
  9 hobgoblins
  14 jackals
  59 kobolds
  4 quokkas
  6 bats
  A giant gecko skeleton (D:5)
  2 giant newts
  A goblin skeleton (Ossuary)
  10 hobgoblin skeletons (Ossuary)
  A hobgoblin zombie (Ossuary)
  A jackal skeleton (Ossuary)
  12 kobold skeletons
  4 orc skeletons (Ossuary)
  A quokka skeleton (D:5)
  23 rats
  2 rat skeletons (Ossuary)
  A ballistomycete (Orc:2)
  3 giant spores
  2 toadstools
985 creatures vanquished.

Vanquished Creatures (collateral kills)
  Gastronok (Lair:2)
  A vault guard (D:14)
  2 hydras
  The ghost of Chiseanne the Covert, a journeyman SpAs of Gozag (D:13)
  A queen ant (Lair:6)
  2 death yaks (Lair:8)
  A deep elf knight (Elf:1)
  An unseen horror (D:12)
  A skeletal warrior (D:14)
  A wizard (D:15)
  2 orc knights
  Maurice (D:11)
  A centaur zombie (D:14)
  2 elephants (Lair:6)
  2 spiny frogs
  2 black mambas
  A gargoyle (D:11)
  Psyche (D:8)
  A komodo dragon (Lair:1)
  A freezing wraith (D:14)
  3 trolls
  2 blink frogs (Lair:6)
  A two-headed ogre (D:15)
  A trapdoor spider (Lair:5)
  17 yaks
  A water elemental (Elf:1)
  5 hippogriffs
  Grum (D:9)
  2 wargs (Orc:2)
  A water moccasin (D:10)
  4 wolves
  19 orc warriors
  3 porcupines
  4 ogres (Orc:2)
  2 phantoms (D:8)
  A centaur (D:6)
  2 giant frogs
  2 crocodiles
  6 killer bees
  2 jellies (Lair:8)
  A centaur skeleton (D:8)
  A giant frog skeleton (D:10)
  8 orc wizards
  5 orc priests
  3 hell rats (Lair:5)
  2 worker ants (Lair:6)
  2 adders
  2 gnolls (D:7)
  A shadow imp (D:8)
  4 river rats
  3 oozes (Lair:8)
  A giant gecko (D:7)
  23 orcs
  A giant cockroach (D:8)
  2 jackals
  A kobold (D:6)
  A rat (Lair:6)
  10 giant spores
  A hyperactive ballistomycete (Orc:2)
177 creatures vanquished.

Vanquished Creatures (others)
  A wolf spider zombie (D:15)
  2 elephants
  58 wandering mushrooms
  A komodo dragon (Lair:8)
  2 orc warriors (Orc:2)
  A killer bee (D:8)
  2 sheep (Lair:8)
  5 worker ant zombies
  12 ballistomycetes
  57 fungi
  4 giant spores
  33 plants
  967 toadstools
1145 creatures vanquished.

Grand Total: 2307 creatures vanquished

Notes
Turn   | Place    | Note
--------------------------------------------------------------
     0 | D:1      | M4edhros the Octopode Artificer began the quest for the Orb.
     0 | D:1      | Reached XP level 1. HP: 13/13 MP: 3/3
   332 | D:1      | Reached XP level 2. HP: 9/18 MP: 4/4
   611 | D:2      | Reached XP level 3. HP: 20/23 MP: 5/5
   678 | D:2      | Found a glowing golden altar of the Shining One.
   680 | D:2      | Found a glowing silver altar of Zin.
   982 | D:4      | Found a shadowy altar of Dithmenos.
  1021 | D:4      | Found a staircase to the Ecumenical Temple.
  1031 | Temple   | Entered the Ecumenical Temple
  1088 | D:4      | Reached skill level 4 in Evocations
  1088 | D:4      | Reached XP level 4. HP: 23/28 MP: 5/7
  1352 | D:4      | Found a bloodstained altar of Trog.
  1448 | D:4      | Noticed an ogre
  1490 | D:4      | Killed an ogre
  1490 | D:4      | Reached XP level 5. HP: 12/33 MP: 8/8
  1788 | D:4      | Noticed a phantom
  1897 | D:3      | Found a burning altar of Makhleb.
  2192 | D:3      | Noticed an ice beast
  2216 | D:3      | Killed an ice beast
  2216 | D:3      | Reached skill level 1 in Slings
  2216 | D:3      | Reached skill level 5 in Stealth
  2216 | D:3      | Reached XP level 6. HP: 23/38 MP: 9/9
  3218 | D:4      | Found a blossoming altar of Fedhas.
  3247 | D:5      | Entered Level 5 of the Dungeon
  3304 | D:4      | Found a sparkling altar of Nemelex Xobeh.
  3334 | D:4      | Became a worshipper of Fedhas Madash
  3462 | D:5      | Reached skill level 6 in Stealth
  3462 | D:5      | Reached XP level 7. HP: 43/43 MP: 10/10
  3502 | D:5      | Reached skill level 5 in Evocations
  3532 | D:5      | Found a sand-covered staircase.
  3604 | Ossuary  | Entered an ossuary
  3686 | Ossuary  | Reached * piety under Fedhas
  3774 | Ossuary  | Reached ** piety under Fedhas
  3931 | Ossuary  | Reached *** piety under Fedhas
  3932 | Ossuary  | Gained mutation: You tend to lose your temper in combat. [potion of mutation]
  3932 | Ossuary  | Gained mutation: Scrolls take you a little longer to read. [potion of mutation]
  3967 | Ossuary  | HP: 2/43 [human skeleton (1)]
  3976 | Ossuary  | Reached skill level 5 in Dodging
  4100 | Ossuary  | Gained mutation: You occasionally shout uncontrollably at your foes. [potion of mutation]
  4100 | Ossuary  | Gained mutation: You are partially covered in yellow scales (AC +2). [potion of mutation]
  4364 | D:5      | Reached skill level 7 in Stealth
  4364 | D:5      | Reached XP level 8. HP: 32/48 MP: 12/12
  4882 | D:6      | Reached skill level 1 in Shields
  4958 | D:6      | Found a shimmering altar of Xom.
  5052 | D:6      | Reached **** piety under Fedhas
  5294 | D:6      | Reached skill level 1 in Invocations
  5720 | D:6      | Reached ***** piety under Fedhas
  5801 | D:6      | Reached skill level 8 in Stealth
  6110 | D:6      | Reached XP level 9. HP: 53/53 MP: 13/13
  6500 | D:7      | Noticed Duvessa
  6500 | D:7      | Noticed Dowan
  6513 | D:7      | Killed Duvessa
  6516 | D:7      | Reached skill level 5 in Slings
  6521 | D:7      | Killed Dowan
  6610 | D:7      | Reached skill level 9 in Stealth
  7195 | D:8      | Noticed Psyche
  7271 | D:8      | Killed Psyche
  7328 | D:8      | Lost mutation: You occasionally shout uncontrollably at your foes. [potion of cure mutation]
  7328 | D:8      | Lost mutation: Scrolls take you a little longer to read. [potion of cure mutation]
  7328 | D:8      | Lost mutation: You tend to lose your temper in combat. [potion of cure mutation]
  7328 | D:8      | Lost mutation: You are partially covered in yellow scales (AC +2). [potion of cure mutation]
  7382 | D:8      | Learned a level 2 spell: Blink
  7415 | D:8      | Reached XP level 10. HP: 48/60 MP: 10/14
  7422 | D:8      | Reached skill level 5 in Shields
  7496 | D:8      | Found a glowing golden altar of the Shining One.
  7522 | D:8      | Found a deep blue altar of Sif Muna.
  7594 | D:8      | Found a shimmering altar of Xom.
  7663 | D:8      | Found a radiant altar of Vehumet.
  7999 | D:9      | Reached skill level 10 in Stealth
  8217 | D:9      | Noticed Grum
  8624 | D:9      | Reached skill level 11 in Stealth
  8625 | D:9      | Killed Grum
  8647 | D:9      | Noticed a deep elf mage
  8652 | D:9      | Killed a deep elf mage
  8652 | D:9      | Reached XP level 11. HP: 44/70 MP: 15/15
  8759 | D:10     | Entered Level 10 of the Dungeon
  9079 | D:10     | Found a shimmering altar of Xom.
  9253 | D:10     | Reached skill level 5 in Fighting
  9310 | D:10     | Reached ****** piety under Fedhas
  9352 | D:10     | Found a staircase to the Lair.
 10012 | D:11     | Noticed Maurice
 10060 | D:11     | Gained mutation: Your mind is acute. (Int +2) [mutagenic meat]
 10061 | D:11     | Gained mutation: You are frail (-10% HP). [mutagenic meat]
 10062 | D:11     | Gained mutation: One of your tentacles bears a spike. [mutagenic meat]
 10274 | D:11     | Noticed a hill giant
 10279 | D:11     | Reached skill level 12 in Stealth
 10286 | D:11     | Killed a hill giant
 10396 | D:11     | Noticed Maud
 10411 | D:11     | Gained mutation: Your natural rate of healing is unusually fast. [potion of beneficial mutation]
 10677 | D:11     | Noticed an orc knight
 10696 | D:11     | Killed an orc knight
 10696 | D:11     | Reached skill level 5 in Invocations
 10792 | D:11     | Killed Maud
 10828 | D:11     | Found a staircase to the Orcish Mines.
 10830 | D:11     | Found a roughly hewn altar of Beogh.
 10922 | D:11     | Reached XP level 12. HP: 70/72 MP: 16/16
 11008 | D:11     | Killed Maurice
 11196 | Orc:1    | Entered Level 1 of the Orcish Mines
 11424 | Orc:1    | Reached skill level 13 in Stealth
 11526 | Orc:1    | Found a roughly hewn altar of Beogh.
 11576 | Orc:2    | Entered Level 2 of the Orcish Mines
 12042 | Orc:2    | Found a roughly hewn altar of Beogh.
 12233 | Orc:2    | Reached skill level 1 in Translocations
 12322 | Orc:2    | Found Immir's Food Emporium.
 12361 | Orc:2    | Found Fiwnoaro's Weapon Shoppe.
 12433 | Orc:2    | Reached skill level 1 in Spellcasting
 12623 | Orc:2    | Noticed an orc warlord
 12679 | Orc:2    | Noticed an orc high priest
 12686 | Orc:2    | Killed an orc high priest
 12798 | Orc:2    | Killed an orc warlord
 12798 | Orc:2    | Reached skill level 14 in Stealth
 12815 | Orc:2    | Noticed an orc high priest
 13029 | Orc:2    | Killed an orc high priest
 13029 | Orc:2    | Reached XP level 13. HP: 79/79 MP: 18/18
 13134 | Orc:2    | Found Plog's Armour Emporium.
 13190 | Orc:2    | Found a roughly hewn altar of Beogh.
 13213 | Orc:2    | Found Jaufap's Jewellery Shoppe.
 13390 | Orc:2    | Bought an uncursed amulet of guardian spirit for 390 gold pieces
 13728 | Orc:2    | Found a staircase to the Elven Halls.
 14139 | Orc:2    | Identified the Volume of Snow and Earth
 14144 | Orc:2    | Learned a level 3 spell: Stone Arrow
 14834 | D:12     | Reached skill level 1 in Earth Magic
 15184 | D:12     | Noticed Nergalle
 15191 | D:12     | Killed Nergalle
 15191 | D:12     | Reached skill level 1 in Conjurations
 15454 | D:13     | Noticed Chiseanne's ghost (journeyman SpAs)
 15475 | D:13     | Killed Chiseanne's ghost
 15538 | D:13     | Noticed Chiseanne's ghost (journeyman SpAs)
 15577 | D:13     | Reached skill level 15 in Stealth
 15930 | D:13     | Killed Chiseanne's ghost
 16118 | D:14     | Identified a scroll of acquirement
 16526 | Lair:1   | Entered Level 1 of the Lair of Beasts
 16865 | Lair:1   | Reached XP level 14. HP: 68/85 MP: 14/19
 17591 | Lair:2   | Noticed Gastronok
 17608 | Lair:2   | Killed Gastronok
 19113 | Lair:4   | Reached skill level 10 in Dodging
 19371 | Lair:4   | Noticed Urug
 19382 | Lair:4   | Killed Urug
 19710 | Lair:5   | Found a staircase to the Shoals.
 19834 | Lair:5   | Found a hole to the Spider Nest.
 20403 | Lair:6   | Reached skill level 5 in Spellcasting
 20612 | Lair:6   | Reached skill level 10 in Shields
 20793 | Lair:6   | Reached XP level 15. HP: 25/89 MP: 4/22
 21754 | Lair:7   | Reached skill level 5 in Conjurations
 21765 | Lair:7   | Reached skill level 16 in Stealth
 21917 | Lair:7   | Reached skill level 5 in Earth Magic
 22333 | Lair:8   | Entered Level 8 of the Lair of Beasts
 22333 | Lair:8   | Found a staircase to the Slime Pits.
 22911 | Lair:8   | Noticed Josephine
 22927 | Lair:8   | Killed Josephine
 24383 | D:14     | Reached skill level 10 in Slings
 24491 | D:14     | Found a gate to the Vaults.
 24845 | D:14     | Reached XP level 16. HP: 85/95 MP: 22/25
 24860 | D:15     | Entered Level 15 of the Dungeon
 25180 | D:15     | Found a staircase to the Depths.
 25284 | D:15     | Noticed Nessos
 25296 | D:15     | Killed Nessos
 25488 | D:15     | Gained mutation: You passively map a small area around you. [mutagenic meat]
 25489 | D:15     | Gained mutation: You are occasionally teleported next to monsters. [mutagenic meat]
 25895 | Depths:1 | Entered Level 1 of the Depths
 26127 | Elf:1    | Entered Level 1 of the Elven Halls
 26893 | Elf:1    | Shot with an arrow by a deep elf archer

Vault maps used:
D:1:      minmay_arrival_solitary_statue, hex_large
D:2:      minitemple, nicolae_overflow_hidden_temple
D:3:      kennysheep_six_static_rooms, bloody_makhleb, first_bread
D:4:      lightli_temple_of_fire, fedhas_altar_3, lemuel_round_altar,
          nicolae_dithmenos_shadow_blocks, minmay_temple_entry_statues_fountains
D:5:      nicolae_ossuary_entry_giza
D:6:      minmay_goblin_kobold_castle, basic_altar
D:7:      the_bakery, uniq_duvessa
D:8:      overflow_temple_1_default, overflow_temple_1_default, basic_altar,
          nicolae_tso_swordbearing_angel, uniq_psyche
D:9:      guppyfry_early_elven_hall, uniq_grum
D:10:     due_lair_maze_entry_diamond, serial_glass, glass_columns_b,
          glass_columns_a, xom_teletrap_fun
D:11:     david_orc_5, uniq_maud, uniq_maurice
D:12:     uniq_nergalle
D:14:     grunt_vaults_entry_tiered, grunt_decor_resistance
D:15:     grunt_enter_depths_magical_seal, minmay_misc_feat_iff,
          lightli_minifort, uniq_nessos
Temple:   minmay_temple_bridge_c_8
Lair:1:   wad_woods_04
Lair:2:   serial_bayou_shore_b, serial_bayou_shore_a, uniq_gastronok
Lair:3:   forest_paths
Lair:4:   uniq_urug
Lair:5:   elwin_shoals_entry_rocks, spider_nest_entry_webs, st_stairs_10
Lair:6:   kennysheep_abandoned_house, minmay_another_anthill,
          bh_autumn_forest_stairs, serial_bayou_shore_b
Lair:7:   grunt_megastairs_2
Lair:8:   due_jungle_book, nicolae_slime_entry_slimehenge, guppyfry_lair_drakes,
          uniq_josephine
Orc:1:    david_defended_altar_orc
Orc:2:    pubby_orc_utopia
Elf:1:    hangedman_elven_crosses_minicolossus, basic_loot_grate_trap
Depths:1: pf_coc_iceberg, serial_shops, kennysheep_little_box, spider_trap,
          kennysheep_just_a_vault, kennysheep_random_hallway,
          serial_bayou_shore_b
Ossuary:  ossuary_tomb_1

Action                   |  1- 3 |  4- 6 |  7- 9 | 10-12 | 13-15 | 16-18 || total
-------------------------+-------+-------+-------+-------+-------+-------++-------
Melee: Short sword       |    49 |    44 |   329 |   369 |  1442 |   258 ||  2491
       Rapier            |       |    47 |       |       |       |       ||    47
       Dagger            |       |       |       |     3 |       |       ||     3
 Fire: Greatsling        |       |    14 |    64 |   521 |   422 |    13 ||  1034
 Cast: Stone Arrow       |       |       |       |       |     4 |     5 ||     9
       Blink             |       |       |       |       |       |     2 ||     2
Invok: Evolution         |       |       |     6 |    24 |    33 |     7 ||    70
       Sunlight          |       |       |     3 |    23 |    15 |     6 ||    47
       Rain              |       |       |       |     4 |     4 |       ||     8
       Reproduction      |       |       |       |     2 |     5 |       ||     7
Evoke: Wand              |     1 |    20 |     8 |    27 |    22 |     4 ||    82
  Use: Scroll            |       |     7 |     9 |     7 |    19 |       ||    42
       Potion            |       |       |    16 |     5 |     5 |     4 ||    30
 Stab: Sleeping          |     5 |     9 |    15 |    15 |    94 |    10 ||   148
       Confused          |       |       |     1 |     4 |    11 |       ||    16
       Distracted        |       |       |       |     1 |     5 |     1 ||     7
  Eat: Chunk             |       |     6 |       |     4 |     3 |     2 ||    15
       Meat ration       |       |       |     2 |       |     5 |     2 ||     9
       Bread ration      |       |       |     2 |     4 |     3 |       ||     9
       Pizza             |       |       |       |     1 |     1 |       ||     2
